cohdb
Replays
Latest Replays
All Replays
Popular Replays
Top Player Replays
Match Explorer
How It Works
Community
CoH3 Stats
Reddit
Sign in to upload your games and track your stats! →
Sign in with Steam
Match 43726284
Unlisted
Match 43726284
Overview
Messages
Build Orders
End
Construct Infanterie Kompanie
Kettenkrad Recon Vehicle
MG 42 Machine Gun Team
Grenadier Squad
GrW 34 Mortar Team
Construct Panzergrenadier Kompanie
251 Medium Carrier
Selects Luftwaffe Battlegroup
Selects Stuka Strafing Run
Stuka Strafing Run
Forward Retreat Point
Support Elements
Kettenkrad Recon Vehicle
StuG III G Assault Gun
Nebelwerfer 42 Rocket Launcher Team
Nebelwerfer 42 Rocket Launcher Team
Papa Shango
Husar
precipitation
Ati
[YUAN]
Just Mitch..
0
0
Comments
sign in to comment!
No comments posted yet!